 Dungeon Crawl Stone Soup version 0.31-a0-636-ge1c0e020e0 (webtiles) character file.

Game seed: 7429328042495453475

81 AtlasWard the Chopper (level 4, -6/40 HPs)
             Began as a Draconian Monk on Aug 26, 2023.
             Mangled by an ogre
             ... wielding a +0 giant club
              (31 damage)
             ... on level 3 of the Dungeon.
             The game lasted 00:01:53 (1575 turns).

AtlasWard the Chopper (Draconian Monk)              Turns: 1575, Time: 00:01:53

Health: -6/40      AC:  5    Str: 15    XL:     4   Next: 20%
Magic:  4/4        EV: 12    Int: 11    God:
Gold:   57         SH:  0    Dex: 13    Spells: 3/3 levels left

rFire   . . .        a - +0 hand axe
rCold   . . .        c - orb {light}
rNeg    . . .        (body armour unavailable)
rPois   .            (helmet restricted)
rElec   .            (no cloak)
rCorr   .            (no gloves)
SInv    .            (no boots)
Will    .....        (no amulet)
Stlth   +            (no ring)
HPRegen 0.26/turn    (no ring)
MPRegen 0.09/turn

%: no passive effects
@: glowing
A: AC +5, unfitting armour, cold-blooded
a: no special abilities


You were on level 3 of the Dungeon.
You visited 1 branch of the dungeon, and saw 3 of its levels.

You collected 57 gold pieces.

Inventory:

Hand Weapons
 a - a +0 hand axe (weapon)
Missiles
 i - 9 poisoned darts
Armour
 c - an orb of light (worn)
Jewellery
 l - a +4 ring of protection
Scrolls
 d - a scroll of poison {unknown}
 e - 3 scrolls of identify {unknown}
 f - 2 scrolls of teleportation {unknown}
 g - 2 scrolls of fear {unknown}
 j - 2 scrolls of fog {unknown}
 m - a scroll of butterflies {unknown}
 n - a scroll of vulnerability {unknown}
 p - a scroll of amnesia {unknown}
 r - a scroll of enchant weapon {unknown}
 s - a scroll of silence {unknown}
Potions
 b - a potion of ambrosia
 h - 2 potions of degeneration {unknown}
 k - a potion of enlightenment {unknown}
 o - a potion of lignification {unknown}
 q - a potion of curing {unknown}


   Skills:
 + Level 4.1 Fighting
 * Level 4.5 Axes
 - Level 2.6 Dodging


You had 3 spell levels left.
You didn't know any spells.
Your spell library was empty.

Dungeon Overview and Level Annotations

Branches:
Dungeon (3/15)

Altars:
Yredelemnul


Innate Abilities, Weirdness & Mutations

Your plain brown scales are hard. (AC +5)
You cannot fit into any form of body armour.
You are cold-blooded and may be slowed by cold attacks.


Message History

You barely miss the kobold.
Your tail-slap misses the kobold.
The kobold hits you but does no damage.
You closely miss the kobold. The kobold hits you but does no damage.
A kobold is nearby!
You slash the kobold!
You kill the kobold!
Things that are here:
a +0 short sword; a stone; a kobold corpse
Found a stone staircase leading down.
No target in view!
There is a stone staircase leading down here.
An endoplasm comes into view.
The endoplasm quivers.
An endoplasm is nearby!
An endoplasm is nearby!
You hit the endoplasm.
You kill the endoplasm!
You now have 57 gold pieces (gained 11).
An endoplasm comes into view.
The endoplasm quivers.
An endoplasm is nearby!
The endoplasm misses you.
An endoplasm is nearby!
You hit the endoplasm.
You kill the endoplasm!
An ogre comes into view. It is wielding a +0 giant club.
The ogre shouts!
The ogre moves out of view.
No target in view!
The ogre hits you with a +0 giant club!
An ogre is nearby!
You slash the ogre! You tail-slap the ogre.
The ogre is moderately wounded.
The ogre closely misses you.
An ogre is nearby!
You hit the ogre. You tail-slap the ogre.
The ogre is moderately wounded.
The ogre hits you with a +0 giant club!!
Ouch! That really hurt!
You die...

###.†...#.# #####.#..
#...# ####### #.#.#
#.....# #.#.. #.....#
####.#.# #.....#
#....#.. #....O#
#....#..
##....@#########....#..
#...................##.
#......###############.
#......# ## #.###### #
##### ..... #####


You could see an ogre.

Vanquished Creatures
  A gnoll (D:1)
  2 adders (D:3)
  2 worms (D:2)
  A dart slug (D:1)
  8 endoplasms
  7 goblins
  3 hobgoblins (D:1)
  A kobold (D:3)
  2 quokkas (D:2)
  6 ball pythons
  A bat (D:1)
  5 frilled lizards
  9 rats
48 creatures vanquished.

Notes
Turn   | Place    | Note
-------+----------+-------------------------------------------
     0 | D:1      | AtlasWard the Draconian Monk began the quest for the Orb.
     0 | D:1      | Reached XP level 1. HP: 19/19 MP: 1/1
    43 | D:1      | Found a faded altar of an unknown god.
   205 | D:1      | Reached XP level 2. HP: 24/26 MP: 2/2
   450 | D:1      | Reached XP level 3. HP: 31/33 MP: 3/3
  1395 | D:3      | Found a basalt altar of Yredelemnul.
  1398 | D:3      | Reached XP level 4. HP: 40/40 MP: 4/4
  1571 | D:3      | Noticed an ogre
  1575 | D:3      | Mangled by an ogre

Illustrated notes

Levels and vault maps discovered:
D:1:      dpeg_arrival_pond, layout_rooms, nicolae_ecumenical_snake_handling,
          fountainhead, st_stairs_11
D:2:      layout_rooms
D:3:      layout_basic, yredelemnul_altar_generic

Skill      XL: |  1  2  3 |
---------------+----------+-----
Axes           | 4 |  4.5
Fighting       | 4 |  4.1
Dodging        | |  2.6

Action                     |  1- 3 |  4- 6 || total
---------------------------+-------+-------++-------
  Melee: Hand axe          |   100 |    18 ||   118
         Tailslap          |    17 |     3 ||    20
 Armour: Skin              |    27 |     7 ||    34
  Dodge: Dodged            |    47 |    10 ||    57

Table legend: (Time is in decaauts)
 A = Elapsed time spent in this place.
 B = Non-inter-level travel time spent in this place.
 C = Inter-level travel time spent in this place.
 D = Time resting spent in this place.
 E = Time spent auto-exploring this place.
 F = Levels seen in this place.
 G = Mean time per level.
                   A        B        C        D        E       F      G
               +--------+--------+--------+--------+--------+-----+--------+
         Total |   1588 |   1481 |    107 |      0 |   1201 |   3 |  529.3 |
       Dungeon |   1588 |   1481 |    107 |      0 |   1201 |   3 |  529.3 |
               +--------+--------+--------+--------+--------+-----+--------+

Top non-repeatable levels by time:
     D:1: 680 daAuts
     D:2: 644 daAuts
     D:3: 263 daAuts
